 Dungeon Crawl Stone Soup version 0.30-a0-1112-gfb780f5df6 (webtiles) character file.

Game seed: 7848300246227881632

56 hwolsky the Shield-Bearer (level 3, -1/33 HPs)
             Began as a Minotaur Fighter on Apr 19, 2023.
             Slain by Robin
             ... wielding a +0 trident
              (6 damage)
             ... on level 2 of the Dungeon.
             The game lasted 00:03:04 (1108 turns).

hwolsky the Shield-Bearer (Minotaur Fighter)        Turns: 1108, Time: 00:03:04

Health: -1/33      AC:  7    Str: 22    XL:     3   Next: 71%
Magic:  2/2        EV:  9    Int:  5    God:
Gold:   57         SH:  4    Dex:  9    Spells: 2/2 levels left

rFire   . . .      SeeInvis .    a - +0 war axe
rCold   . . .      Faith    .    c - +0 buckler
rNeg    . . .      Spirit   .    b - +0 scale mail
rPois   +          Reflect  .    (helmet restricted)
rElec   .          Rampage  .    (no cloak)
rCorr   .                        (no gloves)
Will    .....                    (no boots) Stlth
                                 (no amulet)
HPRegen 0.25/turn                e - ring of poison resistance
MPRegen 0.08/turn                (no ring)

@: mighty
A: horns 2, retaliatory headbutt
a: no special abilities


You were on level 2 of the Dungeon.
You visited 1 branch of the dungeon, and saw 2 of its levels.

You collected 57 gold pieces.

Inventory:

Hand Weapons
 a - a +0 war axe (weapon)
Armour
 b - a +0 scale mail (worn)
 c - a +0 buckler (worn)
Jewellery
 e - a ring of poison resistance (left hand)
Scrolls
 f - a scroll of teleportation
Potions
 i - a potion of mutation {unknown}


   Skills:
 + Level 4.1 Fighting
 + Level 3.3 Axes
 + Level 4.2 Armour
 + Level 4.2 Shields


You had 2 spell levels left.
You didn't know any spells.
Your spell library was empty.

Dungeon Overview and Level Annotations

Branches:
Dungeon (2/15)

Altars:

Shops:
D:1 =

Annotations:
D:2 Robin


Innate Abilities, Weirdness & Mutations

You have a pair of horns on your head.
You reflexively headbutt those who attack you in melee.


Message History

The hobgoblin closely misses you. The goblin hits you with a +0 dagger.
Robin hits you from afar with a +0 trident.
* * * LOW HITPOINT WARNING * * *
You closely miss the goblin.
The goblin is severely wounded.
You closely miss the hobgoblin.
The hobgoblin hits you but does no damage.
The goblin hits you with a +0 dagger.
* * * LOW HITPOINT WARNING * * *
Robin hits you from afar with a +0 trident.
* * * LOW HITPOINT WARNING * * *
Robin barely misses you. The goblin hits you but does no damage.
The hobgoblin misses you.
You feel better. The hobgoblin hits you.
* * * LOW HITPOINT WARNING * * *
Robin hits you but does no damage. The goblin hits you but does no damage.
You feel better. The hobgoblin hits you.
* * * LOW HITPOINT WARNING * * *
The goblin hits you with a +0 dagger.
* * * LOW HITPOINT WARNING * * *
Robin hits you from afar with a +0 trident.
* * * LOW HITPOINT WARNING * * *
You feel better. You block the hobgoblin's attack.
The goblin hits you but does no damage.
Robin hits you from afar with a +0 trident.
* * * LOW HITPOINT WARNING * * *
You feel very mighty all of a sudden. The goblin hits you but does no damage.
The hobgoblin hits you.
* * * LOW HITPOINT WARNING * * *
Robin hits you but does no damage.
You slash the goblin!
You kill the goblin!
You slash the hobgoblin!
You kill the hobgoblin!
Robin barely misses you.
You slash the rat!
You kill the rat!
Robin hits you but does no damage.
Found 13 gold pieces.
Robin hits you with a +0 trident.
You die...

#.##### .#
######
#.....###.#
#......#.###
###
#..........# .
#..
#......b..?###
#. #..
#.............
...#..
#....)).......
......
#....))#####
......
######@#
......
#.g....#
...###
#........
..#...
.......##
.##.##
..###### #
...# # ....
#.$..


You could see Robin.

Vanquished Creatures
  A dart slug (D:1)
  3 ball pythons
  6 endoplasms
  2 hobgoblins
  7 jackals
  3 kobolds
  3 quokkas
  A bat (D:1)
  2 frilled lizards (D:1)
  15 goblins
  2 rats
45 creatures vanquished.

Notes
Turn   | Place    | Note
-------+----------+-------------------------------------------
     0 | D:1      | hwolsky the Minotaur Fighter began the quest for the Orb.
     0 | D:1      | Reached XP level 1. HP: 19/19 MP: 0/0
   126 | D:1      | Found Viopem's Jewellery Emporium.
   193 | D:1      | Reached XP level 2. HP: 27/27 MP: 1/1
   731 | D:1      | Reached XP level 3. HP: 28/33 MP: 2/2
  1085 | D:2      | Noticed Robin
  1108 | D:2      | Slain by Robin

Illustrated notes

Levels and vault maps discovered:
D:1:      onia_arrival_mini_spirals, layout_basic, serial_shops, shop
D:2:      layout_basic, ebering_ecumenical_altar_ruins, chequers_jeans,
          uniq_robin

Skill      XL: |  1  2 |
---------------+-------+-----
Armour         | 4 |  4.2
Fighting       | 4 |  4.1
Axes           | 3 |  3.3
Shields        | 4 |  4.2

Action                     || total
---------------------------++-------
  Melee: War axe           ||    70
         Headbutt          ||     9
    Use: Scroll            ||     5
         Potion            ||     6
 Armour: Scale mail        ||    62
  Dodge: Dodged            ||    59
  Block: Buckler           ||    20

Table legend: (Time is in decaauts)
 A = Elapsed time spent in this place.
 B = Non-inter-level travel time spent in this place.
 C = Inter-level travel time spent in this place.
 D = Time resting spent in this place.
 E = Time spent auto-exploring this place.
 F = Levels seen in this place.
 G = Mean time per level.
                   A        B        C        D        E       F      G
               +--------+--------+--------+--------+--------+-----+--------+
         Total |   1134 |   1056 |     78 |     35 |    707 |   2 |  567.0 |
       Dungeon |   1134 |   1056 |     78 |     35 |    707 |   2 |  567.0 |
               +--------+--------+--------+--------+--------+-----+--------+

Top non-repeatable levels by time:
     D:1: 965 daAuts
     D:2: 168 daAuts
